Machettes vs Spitfire

Created - 28 février 2013 at 19:01

Goals
1 2 3 OT1 SO T
Machettes 0 2 1 0 2 3
Spitfire 0 1 2 0 3 4
Shots
1 2 3 OT1 SO T
Machettes 3 19 9 1 5 32
Spitfire 8 11 10 3 5 32

1st period

No Goal

Penalties :
Stefan Ruzicka (CLM) for Roughing (Minor) at 9:03, Keith Yandle (Val) for Holding (Minor) at 17:28

2nd period

1. Machettes , Stefan Ruzicka 25 (John Mitchell) at 0:17
2. Spitfire , Shean Donovan 18 (David Krejci, Keith Yandle) at 15:42
3. Machettes , John Mitchell 17 (Brad Winchester, James Wisniewski) at 17:11

Penalties :
No Penalty

3rd period

4. Spitfire , Martin Samuelsson 35 (Shean Donovan, Kevin Klein) at 7:10 (SH)
5. Spitfire , Denis Shvidki 16 (Kris Beech) at 10:53
6. Machettes , Cory Emmerton 13 (Steven Goertzen) at 14:43

Penalties :
Denis Shvidki (Val) for Slashing (Minor) at 0:25, Kris Beech (Val) for Hooking (Minor) at 4:04, David Krejci (Val) for Holding (Minor) at 6:55, Steven Goertzen (CLM) for High sticking (Minor) at 12:27, Ryan Callahan (Val) for Cross-checking (Minor) at 15:26, Mathieu Roy (Val) for Hooking (Minor) at 16:40

Overtime #1

No Goal

Penalties :
No Penalty

Shootout

Penalty Shot by Brad Winchester for Machettes - Goal!
Penalty Shot by Shean Donovan for Spitfire - Stopped by Mathieu Garon
Penalty Shot by Stefan Ruzicka for Machettes - Goal!
Penalty Shot by Martin Samuelsson for Spitfire - Goal!
Penalty Shot by Steven Goertzen for Machettes - Stopped by Marc Denis
Penalty Shot by Denis Shvidki for Spitfire - Goal!
Penalty Shot by Matt Keith for Machettes - Shot Misses the Net
Penalty Shot by Ryan Callahan for Spitfire - Shot Misses the Net
Penalty Shot by John Mitchell for Machettes - Shot Misses the Net
Penalty Shot by David Krejci for Spitfire - Goal!

Penalties :
No Penalty

Goalie Stats

Mathieu Garon (CLM), 29 saves from 32 shots - (0,906), OTL, 15-10-5, 65:00 minutes
Marc Denis (Val), 29 saves from 32 shots - (0,906), W, 23-8-2, 65:00 minutes

Players Stats for Machettes

Player Name              G  A  P  +/- PIM S  H  SB GA TA FO     MP     PP MP  PK MP  
------------------------------------------------------------------------------------
Alec Martinez            0  0  0   1  0   0  0  0  0  1  0/0    11:22   0:00   0:00 
Alex Plante              0  0  0   1  0   0  0  0  0  0  0/0    11:01   0:00   0:00 
Andrew Orpik             0  0  0   0  0   2  0  0  0  2  0/0    21:02   3:58   1:35 
Angelo Esposito          0  0  0   0  0   0  0  0  0  0  0/0     0:00   0:00   0:00 
Ben Blood                0  0  0   0  0   0  0  0  0  0  0/0     2:52   0:00   0:00 
Brad Winchester          0  1  1   0  0   8  4  1  1  0  7/9    25:27   6:15   2:06 
Cory Emmerton            1  0  1   0  0   1  0  0  1  1  7/11   15:52   4:40   0:00 
Dustin Jeffrey           0  0  0   0  0   2  0  0  0  1  0/1    10:23   0:00   1:21 
James Wisniewski         0  1  1   0  0   0  3  1  2  0  0/0    21:02   3:58   1:35 
John Mitchell            1  1  2   0  0   2  0  1  0  0  11/32  21:40   6:15   0:43 
Luca Caputi              0  0  0   0  0   0  0  0  0  0  0/0     0:00   0:00   0:00 
Matt Keith               0  0  0   0  0   2  0  2  1  1  0/0    13:13   0:14   0:50 
Michal Repik             0  0  0   0  0   4  0  0  0  0  0/0     7:50   0:00   0:00 
Mike Lundin              0  0  0  -1  0   3  4  4  0  2  0/0    32:57   7:11   2:23 
Peter Olvecky            0  0  0   0  0   0  1  0  1  0  1/1    17:34   4:40   1:15 
Rick Schofield           0  0  0   0  0   0  0  0  0  0  1/2     7:50   0:00   0:00 
Stefan Ruzicka           1  0  1   0  2   3  1  0  0  1  1/4    24:32   6:15   1:06 
Stephane Da Costa        0  0  0   0  0   0  0  0  0  0  2/4    11:34   0:14   0:00 
Steven Goertzen          0  1  1   0  2   3  2  0  0  0  0/0    17:36   4:40   0:19 
Tom Gilbert              0  0  0  -1  0   2  1  1  1  0  0/0    29:44   7:11   2:23 
Tyler McNeely            0  0  0   0  0   0  0  1  0  0  0/0    12:29   0:14   0:16 

Players Stats for Spitfire

Player Name              G  A  P  +/- PIM S  H  SB GA TA FO     MP     PP MP  PK MP  
------------------------------------------------------------------------------------
Brad Staubitz            0  0  0   0  0   0  0  0  0  0  0/0     0:40   0:06   0:00 
Danny Syvret             0  0  0  -1  0   0  1  0  0  0  0/0    12:39   0:00   0:13 
David Krejci             0  1  1   0  2   1  2  1  0  0  14/26  17:18   2:07   0:10 
Denis Shvidki            1  0  1   1  2   4  2  0  3  1  0/1    17:43   1:40   2:20 
Devin Didiomete          0  0  0   0  0   0  0  0  0  0  0/0     0:00   0:00   0:00 
Erik Condra              0  0  0   0  0   0  0  0  1  0  0/0     8:24   0:00   0:00 
Keaton Ellerby           0  0  0  -1  0   1  0  1  0  1  0/0    14:03   0:00   1:41 
Keith Yandle             0  1  1   1  2   2  1  1  0  0  0/0    21:54   1:18   3:22 
Kevin Klein              0  1  1   0  0   3  1  2  1  1  0/0    29:58   2:40   6:47 
Kris Beech               0  1  1   1  2   2  2  2  0  0  4/8    13:05   1:40   0:00 
Marc-Antoine Pouliot     0  0  0  -2  0   0  0  0  0  0  2/5    10:27   0:06   0:00 
Martin Samuelsson        1  0  1   1  0   6  2  0  0  0  0/1    24:50   2:12   5:53 
Mathieu Roy              0  0  0   1  2   3  2  1  0  0  0/0    21:50   1:18   3:27 
Matt Walker              0  0  0   0  0   1  2  4  0  2  0/0    29:58   2:40   6:47 
Paul Bissonnette         0  0  0   0  0   3  1  0  0  0  1/1    10:36   0:00   1:33 
Ryan Callahan            0  0  0  -2  2   0  2  0  1  1  0/0    13:50   0:00   2:33 
Sergei Kostitsyn         0  0  0   1  0   1  3  0  0  0  0/0    13:06   1:40   0:00 
Shawn Matthias           0  0  0   0  0   1  1  0  0  0  2/3    11:45   0:00   2:34 
Shean Donovan            1  1  2   1  0   3  2  0  3  1  11/19  25:22   2:12   6:30 
Tim Kennedy              0  0  0  -2  0   1  0  0  0  0  0/0    10:32   0:11   0:00 

3 Stars

1 - Shean Donovan (Val)
2 - John Mitchell (CLM)
3 - Martin Samuelsson (Val)

Power Play

Machettes - 0 on 6 Attempt(s) - 0,00%
Spitfire - 0 on 2 Attempt(s) - 0,00%

Penalty Kill

Machettes - 2 on 2 Attempt(s) - 100,00% - Score 0 goal in Penalty Kill
Spitfire - 6 on 6 Attempt(s) - 100,00% - Score 1 goal in Penalty Kill

Official

Referees : Pollock Kevin and Hebert Ghislain
Linesman : Don Henderson and Steve Miller

Game Notes

No Game Note

Machettes

5 vs 5 Forward 
   Center                   Left Wing                Right Wing               Time % Phy DF OF 
 1 John Mitchell            Brad Winchester          Stefan Ruzicka           40     1   2  2  
 2 Cory Emmerton            Peter Olvecky            Steven Goertzen          30     1   2  2  
 3 Stephane Da Costa        Tyler McNeely            Matt Keith               20     1   2  2  
 4 Rick Schofield           Dustin Jeffrey           Michal Repik             10     1   2  2  

5 vs 5 Defense 
   Defense                  Defense                                           Time % Phy DF OF 
 1 Mike Lundin              Tom Gilbert                                       40     1   2  2  
 2 James Wisniewski         Andrew Orpik                                      30     1   2  2  
 3 Alec Martinez            Alex Plante                                       20     1   2  2  
 4 Ben Blood                Mike Lundin                                       10     1   2  2  

PowerPlay Forward 
   Center                   Left Wing                Right Wing               Time % Phy DF OF 
 1 John Mitchell            Brad Winchester          Stefan Ruzicka           60     1   2  2  
 2 Cory Emmerton            Peter Olvecky            Steven Goertzen          40     1   2  2  

PowerPlay Defense
   Defense                  Defense                                           Time % Phy DF OF 
 1 Mike Lundin              Tom Gilbert                                       60     1   2  2  
 2 James Wisniewski         Andrew Orpik                                      40     1   2  2  

Penalty Kill 4 Players Forward 
   Center                   Wing                     Time % Phy DF OF 
 1 Brad Winchester          Stefan Ruzicka           60     1   2  2  
 2 Steven Goertzen          Matt Keith               40     1   2  2  

Penalty Kill 4 Players Defense
   Defense                  Defense                  Time % Phy DF OF 
 1 Mike Lundin              Tom Gilbert              60     1   2  2  
 2 James Wisniewski         Andrew Orpik             40     1   2  2  

Penalty Kill - 3 Players Forward 
   Forward                                           Time % Phy DF OF 
 1 Brad Winchester                                   60     1   2  2  
 2 Stefan Ruzicka                                    40     1   2  2  

Penalty Kill - 3 Players Defense
   Defense                  Defense                  Time % Phy DF OF 
 1 Mike Lundin              Tom Gilbert              60     1   2  2  
 2 James Wisniewski         Andrew Orpik             40     1   2  2  

4 vs 4 Forward 
   Center                   Wing                     Time % Phy DF OF 
 1 Brad Winchester          Stefan Ruzicka           60     1   2  2  
 2 Steven Goertzen          Matt Keith               40     1   2  2  

4 vs 4 Defense
   Defense                  Defense                  Time % Phy DF OF 
 1 Mike Lundin              Tom Gilbert              60     1   2  2  
 2 James Wisniewski         Andrew Orpik             40     1   2  2  

Last Minutes Offensive
   Center                   Left Wing                Right Wing               Defense                  Defense                  
   John Mitchell            Brad Winchester          Stefan Ruzicka           Mike Lundin              Tom Gilbert              

Last Minutes Defensive
   Center                   Left Wing                Right Wing               Defense                  Defense                  
   John Mitchell            Brad Winchester          Stefan Ruzicka           Mike Lundin              Tom Gilbert              

Goaltenders
Starting : Mathieu Garon            
Backup : Marek Schwarz            

Extra Forwards
Normal : Tyler McNeely, Stephane Da Costa, Dustin Jeffrey - PP : Tyler McNeely, Stephane Da Costa - PK : Dustin Jeffrey
Extra Defensemen
Normal : Alec Martinez, Alex Plante, Ben Blood - PP : Alec Martinez - PK : Alex Plante, Ben Blood
Penalty Shots
Brad Winchester, Stefan Ruzicka, Steven Goertzen, Matt Keith, John Mitchell

Spitfire

5 vs 5 Forward 
   Center                   Left Wing                Right Wing               Time % Phy DF OF 
 1 David Krejci             Martin Samuelsson        Shean Donovan            40     1   2  2  
 2 Kris Beech               Sergei Kostitsyn         Denis Shvidki            30     1   2  2  
 3 Marc-Antoine Pouliot     Tim Kennedy              Ryan Callahan            20     1   2  2  
 4 Shawn Matthias           Paul Bissonnette         Erik Condra              10     1   2  2  

5 vs 5 Defense 
   Defense                  Defense                                           Time % Phy DF OF 
 1 Kevin Klein              Matt Walker                                       40     1   2  2  
 2 Mathieu Roy              Keith Yandle                                      30     1   2  2  
 3 Danny Syvret             Keaton Ellerby                                    20     1   2  2  
 4 Kevin Klein              Matt Walker                                       10     1   2  2  

PowerPlay Forward 
   Center                   Left Wing                Right Wing               Time % Phy DF OF 
 1 David Krejci             Martin Samuelsson        Shean Donovan            60     1   2  2  
 2 Kris Beech               Sergei Kostitsyn         Denis Shvidki            40     1   2  2  

PowerPlay Defense
   Defense                  Defense                                           Time % Phy DF OF 
 1 Kevin Klein              Matt Walker                                       60     1   2  2  
 2 Mathieu Roy              Keith Yandle                                      40     1   2  2  

Penalty Kill 4 Players Forward 
   Center                   Wing                     Time % Phy DF OF 
 1 Shean Donovan            Martin Samuelsson        60     1   2  2  
 2 Denis Shvidki            Ryan Callahan            40     1   2  2  

Penalty Kill 4 Players Defense
   Defense                  Defense                  Time % Phy DF OF 
 1 Kevin Klein              Matt Walker              60     1   2  2  
 2 Mathieu Roy              Keith Yandle             40     1   2  2  

Penalty Kill - 3 Players Forward 
   Forward                                           Time % Phy DF OF 
 1 Shean Donovan                                     60     1   2  2  
 2 Martin Samuelsson                                 40     1   2  2  

Penalty Kill - 3 Players Defense
   Defense                  Defense                  Time % Phy DF OF 
 1 Kevin Klein              Matt Walker              60     1   2  2  
 2 Mathieu Roy              Keith Yandle             40     1   2  2  

4 vs 4 Forward 
   Center                   Wing                     Time % Phy DF OF 
 1 Shean Donovan            Martin Samuelsson        60     1   2  2  
 2 Denis Shvidki            Ryan Callahan            40     1   2  2  

4 vs 4 Defense
   Defense                  Defense                  Time % Phy DF OF 
 1 Kevin Klein              Matt Walker              60     1   2  2  
 2 Mathieu Roy              Keith Yandle             40     1   2  2  

Last Minutes Offensive
   Center                   Left Wing                Right Wing               Defense                  Defense                  
   David Krejci             Martin Samuelsson        Shean Donovan            Kevin Klein              Matt Walker              

Last Minutes Defensive
   Center                   Left Wing                Right Wing               Defense                  Defense                  
   David Krejci             Martin Samuelsson        Shean Donovan            Kevin Klein              Matt Walker              

Goaltenders
Starting : Marc Denis               
Backup : Yann Danis               

Extra Forwards
Normal : Tim Kennedy, Marc-Antoine Pouliot, Shawn Matthias - PP : Tim Kennedy, Marc-Antoine Pouliot - PK : Shawn Matthias
Extra Defensemen
Normal : Danny Syvret, Keaton Ellerby, Mathieu Roy - PP : Danny Syvret - PK : Keaton Ellerby, Mathieu Roy
Penalty Shots
Shean Donovan, Martin Samuelsson, Denis Shvidki, Ryan Callahan, David Krejci

% Time on Ice - Machettes

Lines # - Real PCT - Wanted PCT - Time Play
Normal Forward
1 - 35% - 40% - 15:50
2 - 25% - 30% - 11:12
3 - 22% - 20% - 10:01
4 - 17% - 10% - 7:50
Normal Defense
1 - 39% - 40% - 17:27
2 - 30% - 30% - 13:33
3 - 25% - 20% - 11:01
4 - 6% - 10% - 2:52
PP Forward
1 - 58% - 60% - 6:29
2 - 42% - 40% - 4:40
PP Defense
1 - 64% - 60% - 7:11
2 - 36% - 40% - 3:58
PK Forward
1 - 79% - 60% - 3:08
2 - 21% - 40% - 0:50
PK Defense
1 - 60% - 60% - 2:23
2 - 40% - 40% - 1:35
PK3 Forward
1 - 0% - 60%
2 - 0% - 40%
PK3 Defense
1 - 0% - 60%
2 - 0% - 40%
44 Forward
1 - 72% - 60% - 3:35
2 - 28% - 40% - 1:25
44 Defense
1 - 61% - 60% - 3:04
2 - 39% - 40% - 1:56
Last Minute Offensive  - 0:00
Last Minute Defensive  - 0:00
Total
Forward - 65:00
Defense - 65:00

% Time on Ice - Spitfire

Lines # - Real PCT - Wanted PCT - Time Play
Normal Forward
1 - 35% - 40% - 15:31
2 - 27% - 30% - 11:58
3 - 20% - 20% - 9:00
4 - 19% - 10% - 8:24
Normal Defense
1 - 38% - 40% - 17:02
2 - 33% - 30% - 14:36
3 - 26% - 20% - 11:40
4 - 4% - 10% - 1:35
PP Forward
1 - 58% - 60% - 2:18
2 - 42% - 40% - 1:40
PP Defense
1 - 67% - 60% - 2:40
2 - 33% - 40% - 1:18
PK Forward
1 - 72% - 60% - 7:29
2 - 28% - 40% - 2:55
PK Defense
1 - 58% - 60% - 6:02
2 - 42% - 40% - 4:22
PK3 Forward
1 - 100% - 60% - 0:45
2 - 0% - 40% - 0:00
PK3 Defense
1 - 100% - 60% - 0:45
2 - 0% - 40% - 0:00
44 Forward
1 - 65% - 60% - 3:14
2 - 35% - 40% - 1:46
44 Defense
1 - 52% - 60% - 2:36
2 - 48% - 40% - 2:24
Last Minute Offensive  - 0:00
Last Minute Defensive  - 0:00
Total
Forward - 65:00
Defense - 65:00

Play by Play

1st period


0:01 of 1st period - John Mitchell wins face-off versus David Krejci in neutral zone.
0:26 of 1st period - Tom Gilbert is hit by Sergei Kostitsyn and loses puck.
1:52 of 1st period - Dustin Jeffrey is hit by Kris Beech and loses puck.
2:07 of 1st period - Dustin Jeffrey is hit by Matt Walker and loses puck.
3:16 of 1st period - Slapshot by Keaton Ellerby.
3:16 of 1st period - Shot Misses the Net.
3:18 of 1st period - Snap shot by Denis Shvidki.
3:18 of 1st period - Shot Misses the Net.
3:30 of 1st period - Backhand shot by Stefan Ruzicka.
3:30 of 1st period - Stopped by Marc Denis with a rebound.
3:40 of 1st period - Keith Yandle is hit by Mike Lundin and loses puck.
5:41 of 1st period - Alex Plante is hit by Shawn Matthias and loses puck.
5:50 of 1st period - Snap shot by Keith Yandle.
5:50 of 1st period - Stopped by Mathieu Garon with a rebound.
6:31 of 1st period - Peter Olvecky is hit by Kris Beech.
7:11 of 1st period - Icing by Peter Olvecky.
7:12 of 1st period - Peter Olvecky wins face-off versus David Krejci in Machettes zone.
7:57 of 1st period - Stephane Da Costa is hit by Danny Syvret.
8:13 of 1st period - Dustin Jeffrey is hit by Shean Donovan and loses puck.
8:31 of 1st period - Off-side.
8:32 of 1st period - Shawn Matthias wins face-off versus Cory Emmerton in neutral zone.
9:03 of 1st period - Minor Penalty to Stefan Ruzicka for Roughing.
9:04 of 1st period - Brad Winchester wins face-off versus David Krejci in Machettes zone.
9:39 of 1st period - Slapshot by Sergei Kostitsyn.
9:39 of 1st period - Stopped by Mathieu Garon with a rebound.
11:03 of 1st period - Penalty to Stefan Ruzicka is over, Stefan Ruzicka is back on ice.
11:25 of 1st period - Off-side.
11:26 of 1st period - Shawn Matthias wins face-off versus Stephane Da Costa in neutral zone.
12:05 of 1st period - Shawn Matthias is hit by Mike Lundin and loses puck.
12:26 of 1st period - Snap shot by Erik Condra.
12:26 of 1st period - Shot Misses the Net.
12:28 of 1st period - Slapshot by Danny Syvret.
12:28 of 1st period - Shot Blocked by Mike Lundin.
12:30 of 1st period - Wrist shot by Paul Bissonnette.
12:30 of 1st period - Stopped by Mathieu Garon with a rebound.
12:32 of 1st period - Wrist shot by Keaton Ellerby.
12:32 of 1st period - Shot Misses the Net.
12:40 of 1st period - Wrist shot by Shawn Matthias.
12:40 of 1st period - Shot Blocked by Tyler McNeely.
12:42 of 1st period - Snap shot by Erik Condra.
12:42 of 1st period - Shot Misses the Net.
12:44 of 1st period - Slapshot by Keaton Ellerby.
12:44 of 1st period - Stopped by Mathieu Garon without a rebound.
12:45 of 1st period - John Mitchell wins face-off versus David Krejci in Machettes zone.
15:32 of 1st period - Tom Gilbert is hit by Mathieu Roy and loses puck.
16:09 of 1st period - Snap shot by Shawn Matthias.
16:09 of 1st period - Shot Misses the Net.
16:21 of 1st period - Slapshot by Erik Condra.
16:21 of 1st period - Deflect By Martin Samuelsson.
16:21 of 1st period - Stopped by Mathieu Garon without a rebound.
16:22 of 1st period - David Krejci wins face-off versus John Mitchell in Machettes zone.
16:23 of 1st period - Snap shot by Martin Samuelsson.
16:23 of 1st period - Deflect By Shean Donovan.
16:23 of 1st period - Shot Blocked by Tom Gilbert.
16:23 of 1st period - Puck is out of play.
16:24 of 1st period - John Mitchell wins face-off versus David Krejci in Machettes zone.
16:24 of 1st period - John Mitchell is hit by Martin Samuelsson.
16:34 of 1st period - Snap shot by Brad Winchester.
16:34 of 1st period - Stopped by Marc Denis with a rebound.
17:12 of 1st period - Slapshot by Shawn Matthias.
17:12 of 1st period - Shot Misses the Net.
17:14 of 1st period - Slapshot by Keith Yandle.
17:14 of 1st period - Deflect By Shawn Matthias.
17:14 of 1st period - Stopped by Mathieu Garon with a rebound.
17:16 of 1st period - Slapshot by Keith Yandle.
17:16 of 1st period - Stopped by Mathieu Garon with a rebound.
17:18 of 1st period - Wrist shot by Paul Bissonnette.
17:18 of 1st period - Stopped by Mathieu Garon without a rebound.
17:19 of 1st period - John Mitchell wins face-off versus Shean Donovan in Machettes zone.
17:28 of 1st period - Minor Penalty to Keith Yandle for Holding.
17:29 of 1st period - Shean Donovan wins face-off versus John Mitchell in Spitfire zone.
17:29 of 1st period - Shean Donovan is hit by Stefan Ruzicka.
19:28 of 1st period - Penalty to Keith Yandle is over, Keith Yandle is back on ice.
19:52 of 1st period - Slapshot by Michal Repik.
19:52 of 1st period - Stopped by Marc Denis with a rebound.
19:58 of 1st period - Snap shot by Dustin Jeffrey.
19:58 of 1st period - Shot Misses the Net.

2nd period


0:01 of 2nd period - David Krejci wins face-off versus Stefan Ruzicka in neutral zone.
0:11 of 2nd period - Off-side.
0:12 of 2nd period - John Mitchell wins face-off versus David Krejci in neutral zone.
0:15 of 2nd period - Wrist shot by Stefan Ruzicka.
0:15 of 2nd period - Shot Misses the Net.
0:17 of 2nd period - Wrist shot by Stefan Ruzicka.
0:17 of 2nd period - Goal by Stefan Ruzicka - Machettes : 1 - Spitfire : 0.
0:18 of 2nd period - John Mitchell wins face-off versus David Krejci in neutral zone.
0:33 of 2nd period - Wrist shot by Brad Winchester.
0:33 of 2nd period - Stopped by Marc Denis with a rebound.
0:43 of 2nd period - Mike Lundin is hit by Sergei Kostitsyn and loses puck.
0:53 of 2nd period - Off-side.
0:54 of 2nd period - John Mitchell wins face-off versus David Krejci in neutral zone.
1:47 of 2nd period - Off-side.
1:48 of 2nd period - Brad Winchester wins face-off versus David Krejci in neutral zone.
1:57 of 2nd period - Backhand shot by Brad Winchester.
1:57 of 2nd period - Deflect By Stefan Ruzicka.
1:57 of 2nd period - Shot Misses the Net.
1:57 of 2nd period - Puck is out of play.
1:58 of 2nd period - David Krejci wins face-off versus John Mitchell in Spitfire zone.
2:21 of 2nd period - Snap shot by Stefan Ruzicka.
2:21 of 2nd period - Stopped by Marc Denis without a rebound.
2:22 of 2nd period - Kris Beech wins face-off versus Cory Emmerton in Spitfire zone.
2:33 of 2nd period - Snap shot by Denis Shvidki.
2:33 of 2nd period - Shot Hit the Post.
2:35 of 2nd period - Wrist shot by Kris Beech.
2:35 of 2nd period - Stopped by Mathieu Garon with a rebound.
2:56 of 2nd period - Snap shot by Steven Goertzen.
2:56 of 2nd period - Shot Blocked by Kevin Klein.
2:58 of 2nd period - Snap shot by Steven Goertzen.
2:58 of 2nd period - Shot Blocked by Kevin Klein.
3:00 of 2nd period - Slapshot by Andrew Orpik.
3:00 of 2nd period - Stopped by Marc Denis without a rebound.
3:01 of 2nd period - Kris Beech wins face-off versus John Mitchell in Spitfire zone.
3:12 of 2nd period - Snap shot by Brad Winchester.
3:12 of 2nd period - Stopped by Marc Denis without a rebound.
3:13 of 2nd period - David Krejci wins face-off versus John Mitchell in Spitfire zone.
3:18 of 2nd period - Tom Gilbert is hit by David Krejci and loses puck.
3:23 of 2nd period - Snap shot by David Krejci.
3:23 of 2nd period - Shot Blocked by Brad Winchester.
3:25 of 2nd period - Slapshot by Kevin Klein.
3:25 of 2nd period - Stopped by Mathieu Garon without a rebound.
3:26 of 2nd period - David Krejci wins face-off versus Stefan Ruzicka in Machettes zone.
5:03 of 2nd period - Slapshot by James Wisniewski.
5:03 of 2nd period - Shot Misses the Net.
5:11 of 2nd period - Andrew Orpik is hit by Martin Samuelsson and loses puck.
5:39 of 2nd period - Icing by Cory Emmerton.
5:40 of 2nd period - Kris Beech wins face-off versus Stephane Da Costa in Machettes zone.
5:51 of 2nd period - Slapshot by Denis Shvidki.
5:51 of 2nd period - Stopped by Mathieu Garon with a rebound.
6:05 of 2nd period - Slapshot by Cory Emmerton.
6:05 of 2nd period - Shot Misses the Net.
6:07 of 2nd period - Snap shot by Cory Emmerton.
6:07 of 2nd period - Shot Blocked by Kris Beech.
6:21 of 2nd period - Wrist shot by Sergei Kostitsyn.
6:21 of 2nd period - Shot Misses the Net.
6:35 of 2nd period - Wrist shot by Dustin Jeffrey.
6:35 of 2nd period - Stopped by Marc Denis with a rebound.
6:37 of 2nd period - Wrist shot by Rick Schofield.
6:37 of 2nd period - Shot Blocked by Matt Walker.
6:39 of 2nd period - Wrist shot by Dustin Jeffrey.
6:39 of 2nd period - Stopped by Marc Denis with a rebound.
6:41 of 2nd period - Snap shot by Michal Repik.
6:41 of 2nd period - Stopped by Marc Denis with a rebound.
6:43 of 2nd period - Snap shot by Michal Repik.
6:43 of 2nd period - Stopped by Marc Denis with a rebound.
6:45 of 2nd period - Snap shot by Dustin Jeffrey.
6:45 of 2nd period - Shot Blocked by Matt Walker.
6:59 of 2nd period - Snap shot by Stefan Ruzicka.
6:59 of 2nd period - Shot Misses the Net.
7:21 of 2nd period - Wrist shot by Tim Kennedy.
7:21 of 2nd period - Shot Blocked by Matt Keith.
7:43 of 2nd period - Snap shot by Shawn Matthias.
7:43 of 2nd period - Shot Misses the Net.
7:45 of 2nd period - Slapshot by Shawn Matthias.
7:45 of 2nd period - Shot Misses the Net.
7:47 of 2nd period - Slapshot by Kevin Klein.
7:47 of 2nd period - Shot Misses the Net.
7:59 of 2nd period - Andrew Orpik is hit by Mathieu Roy.
8:15 of 2nd period - Andrew Orpik is hit by Ryan Callahan and loses puck.
8:26 of 2nd period - Wrist shot by Erik Condra.
8:26 of 2nd period - Shot Misses the Net.
9:03 of 2nd period - Slapshot by Brad Winchester.
9:03 of 2nd period - Stopped by Marc Denis with a rebound.
9:59 of 2nd period - Snap shot by Michal Repik.
9:59 of 2nd period - Stopped by Marc Denis without a rebound.
10:00 of 2nd period - Marc-Antoine Pouliot wins face-off versus John Mitchell in Spitfire zone.
10:30 of 2nd period - Slapshot by Mathieu Roy.
10:30 of 2nd period - Stopped by Mathieu Garon with a rebound.
10:36 of 2nd period - Snap shot by David Krejci.
10:36 of 2nd period - Shot Blocked by James Wisniewski.
10:38 of 2nd period - Wrist shot by Shean Donovan.
10:38 of 2nd period - Shot Misses the Net.
10:54 of 2nd period - Snap shot by Matt Keith.
10:54 of 2nd period - Shot Misses the Net.
10:56 of 2nd period - Snap shot by Andrew Orpik.
10:56 of 2nd period - Shot Misses the Net.
10:58 of 2nd period - Snap shot by Matt Keith.
10:58 of 2nd period - Stopped by Marc Denis with a rebound.
11:00 of 2nd period - Wrist shot by Tyler McNeely.
11:00 of 2nd period - Shot Blocked by Keaton Ellerby.
11:20 of 2nd period - Wrist shot by Erik Condra.
11:20 of 2nd period - Shot Blocked by Mike Lundin.
11:29 of 2nd period - Icing by Tom Gilbert.
11:30 of 2nd period - David Krejci wins face-off versus Stefan Ruzicka in Machettes zone.
11:31 of 2nd period - Wrist shot by Martin Samuelsson.
11:31 of 2nd period - Stopped by Mathieu Garon with a rebound.
12:16 of 2nd period - Stefan Ruzicka is hit by Shean Donovan and loses puck.
12:29 of 2nd period - Snap shot by Shean Donovan.
12:29 of 2nd period - Stopped by Mathieu Garon without a rebound.
12:30 of 2nd period - Cory Emmerton wins face-off versus Kris Beech in Machettes zone.
13:05 of 2nd period - Slapshot by Andrew Orpik.
13:05 of 2nd period - Stopped by Marc Denis without a rebound.
13:06 of 2nd period - Marc-Antoine Pouliot wins face-off versus Rick Schofield in Spitfire zone.
13:20 of 2nd period - Snap shot by Tim Kennedy.
13:20 of 2nd period - Shot Misses the Net.
13:40 of 2nd period - Snap shot by Denis Shvidki.
13:40 of 2nd period - Deflect By Sergei Kostitsyn.
13:40 of 2nd period - Shot Misses the Net.
13:40 of 2nd period - Puck is out of play.
13:41 of 2nd period - David Krejci wins face-off versus John Mitchell in Machettes zone.
13:44 of 2nd period - Snap shot by David Krejci.
13:44 of 2nd period - Stopped by Mathieu Garon without a rebound.
13:45 of 2nd period - David Krejci wins face-off versus John Mitchell in Machettes zone.
14:39 of 2nd period - Wrist shot by Matt Keith.
14:39 of 2nd period - Stopped by Marc Denis with a rebound.
15:31 of 2nd period - David Krejci is hit by James Wisniewski and loses puck.
15:42 of 2nd period - Wrist shot by Shean Donovan.
15:42 of 2nd period - Goal by Shean Donovan - Machettes : 1 - Spitfire : 1.
15:43 of 2nd period - David Krejci wins face-off versus John Mitchell in neutral zone.
15:53 of 2nd period - Slapshot by Martin Samuelsson.
15:53 of 2nd period - Stopped by Mathieu Garon without a rebound.
15:54 of 2nd period - John Mitchell wins face-off versus David Krejci in Machettes zone.
16:07 of 2nd period - Snap shot by John Mitchell.
16:07 of 2nd period - Stopped by Marc Denis with a rebound.
16:09 of 2nd period - Snap shot by Brad Winchester.
16:09 of 2nd period - Shot Blocked by David Krejci.
16:19 of 2nd period - Steven Goertzen is hit by Denis Shvidki and loses puck.
16:53 of 2nd period - Wrist shot by Paul Bissonnette.
16:53 of 2nd period - Stopped by Mathieu Garon with a rebound.
17:07 of 2nd period - Snap shot by Brad Winchester.
17:07 of 2nd period - Stopped by Marc Denis with a rebound.
17:09 of 2nd period - Slapshot by James Wisniewski.
17:09 of 2nd period - Deflect By Brad Winchester.
17:09 of 2nd period - Stopped by Marc Denis with a rebound.
17:11 of 2nd period - Snap shot by John Mitchell.
17:11 of 2nd period - Goal by John Mitchell - Machettes : 2 - Spitfire : 1.
17:12 of 2nd period - Shean Donovan wins face-off versus John Mitchell in neutral zone.
18:01 of 2nd period - Shawn Matthias is hit by Peter Olvecky and loses puck.
18:06 of 2nd period - Wrist shot by Cory Emmerton.
18:06 of 2nd period - Shot Blocked by Keith Yandle.
18:14 of 2nd period - Snap shot by Steven Goertzen.
18:14 of 2nd period - Stopped by Marc Denis without a rebound.
18:15 of 2nd period - David Krejci wins face-off versus John Mitchell in Spitfire zone.
18:15 of 2nd period - David Krejci is hit by Brad Winchester.
18:23 of 2nd period - Stefan Ruzicka is hit by David Krejci and loses puck.
18:40 of 2nd period - Kris Beech is hit by Tom Gilbert and loses puck.
18:51 of 2nd period - Snap shot by Denis Shvidki.
18:51 of 2nd period - Shot Blocked by Mike Lundin.
19:28 of 2nd period - Off-side.
19:29 of 2nd period - John Mitchell wins face-off versus Marc-Antoine Pouliot in neutral zone.
19:34 of 2nd period - Slapshot by Brad Winchester.
19:34 of 2nd period - Shot Misses the Net.
19:40 of 2nd period - Wrist shot by Ryan Callahan.
19:40 of 2nd period - Shot Misses the Net.
19:42 of 2nd period - Snap shot by Tim Kennedy.
19:42 of 2nd period - Stopped by Mathieu Garon without a rebound.
19:43 of 2nd period - David Krejci wins face-off versus John Mitchell in Machettes zone.
19:44 of 2nd period - Wrist shot by Shean Donovan.
19:44 of 2nd period - Shot Blocked by John Mitchell.
19:58 of 2nd period - Snap shot by Martin Samuelsson.
19:58 of 2nd period - Shot Misses the Net.

3rd period


0:01 of 3rd period - Brad Winchester wins face-off versus Martin Samuelsson in neutral zone.
0:16 of 3rd period - Snap shot by Mike Lundin.
0:16 of 3rd period - Deflect By David Krejci.
0:16 of 3rd period - Stopped by Marc Denis without a rebound.
0:17 of 3rd period - Cory Emmerton wins face-off versus Kris Beech in Spitfire zone.
0:25 of 3rd period - Minor Penalty to Denis Shvidki for Slashing.
0:26 of 3rd period - Shean Donovan wins face-off versus John Mitchell in Spitfire zone.
0:42 of 3rd period - Slapshot by Matt Walker.
0:42 of 3rd period - Deflect By Tom Gilbert.
0:42 of 3rd period - Stopped by Mathieu Garon without a rebound.
0:43 of 3rd period - Cory Emmerton wins face-off versus Shean Donovan in Machettes zone.
1:57 of 3rd period - Mike Lundin is hit by Matt Walker.
2:25 of 3rd period - Penalty to Denis Shvidki is over, Denis Shvidki is back on ice.
2:41 of 3rd period - Matt Keith is hit by Sergei Kostitsyn and loses puck.
3:58 of 3rd period - Off-side.
3:59 of 3rd period - John Mitchell wins face-off versus Denis Shvidki in neutral zone.
4:04 of 3rd period - Snap shot by Denis Shvidki.
4:04 of 3rd period - Stopped by Mathieu Garon without a rebound.
4:04 of 3rd period - Minor Penalty to Kris Beech for Hooking.
4:05 of 3rd period - John Mitchell wins face-off versus Shean Donovan in Spitfire zone.
4:39 of 3rd period - Slapshot by Tom Gilbert.
4:39 of 3rd period - Shot Blocked by Mathieu Roy.
5:09 of 3rd period - Slapshot by Mathieu Roy.
5:09 of 3rd period - Shot Hit the Post.
5:39 of 3rd period - Denis Shvidki is hit by Steven Goertzen and loses puck.
6:04 of 3rd period - Penalty to Kris Beech is over, Kris Beech is back on ice.
6:55 of 3rd period - Minor Penalty to David Krejci for Holding.
6:56 of 3rd period - Shean Donovan wins face-off versus John Mitchell in Spitfire zone.
6:56 of 3rd period - Shean Donovan is hit by Brad Winchester.
7:10 of 3rd period - Wrist shot by Martin Samuelsson.
7:10 of 3rd period - Goal by Martin Samuelsson - Machettes : 2 - Spitfire : 2.
7:11 of 3rd period - Shean Donovan wins face-off versus John Mitchell in neutral zone.
8:23 of 3rd period - Brad Winchester is hit by Keith Yandle and loses puck.
8:55 of 3rd period - Penalty to David Krejci is over, David Krejci is back on ice.
8:56 of 3rd period - Cory Emmerton is hit by Denis Shvidki and loses puck.
9:07 of 3rd period - Wrist shot by Denis Shvidki.
9:07 of 3rd period - Stopped by Mathieu Garon without a rebound.
9:08 of 3rd period - Stephane Da Costa wins face-off versus Shawn Matthias in Machettes zone.
9:35 of 3rd period - Slapshot by Michal Repik.
9:35 of 3rd period - Deflect By Dustin Jeffrey.
9:35 of 3rd period - Shot Misses the Net.
9:35 of 3rd period - Puck is out of play.
9:36 of 3rd period - Rick Schofield wins face-off versus Kris Beech in Spitfire zone.
9:39 of 3rd period - Snap shot by Mike Lundin.
9:39 of 3rd period - Shot Misses the Net.
9:41 of 3rd period - Slapshot by Tom Gilbert.
9:41 of 3rd period - Shot Misses the Net.
9:43 of 3rd period - Snap shot by Michal Repik.
9:43 of 3rd period - Shot Blocked by Kris Beech.
9:45 of 3rd period - Wrist shot by Dustin Jeffrey.
9:45 of 3rd period - Shot Misses the Net.
9:49 of 3rd period - Slapshot by Tom Gilbert.
9:49 of 3rd period - Stopped by Marc Denis without a rebound.
9:50 of 3rd period - David Krejci wins face-off versus John Mitchell in Spitfire zone.
9:50 of 3rd period - David Krejci is hit by Mike Lundin.
10:02 of 3rd period - Slapshot by Tom Gilbert.
10:02 of 3rd period - Shot Blocked by Matt Walker.
10:17 of 3rd period - Kevin Klein is hit by Brad Winchester and loses puck.
10:49 of 3rd period - Icing by Tom Gilbert.
10:50 of 3rd period - Kris Beech wins face-off versus John Mitchell in Machettes zone.
10:51 of 3rd period - Slapshot by Denis Shvidki.
10:51 of 3rd period - Deflect By Kris Beech.
10:51 of 3rd period - Stopped by Mathieu Garon with a rebound.
10:53 of 3rd period - Wrist shot by Denis Shvidki.
10:53 of 3rd period - Goal by Denis Shvidki - Machettes : 2 - Spitfire : 3.
10:54 of 3rd period - Cory Emmerton wins face-off versus Kris Beech in neutral zone.
11:19 of 3rd period - James Wisniewski is hit by Kevin Klein.
12:00 of 3rd period - Michal Repik is hit by Paul Bissonnette.
12:27 of 3rd period - Minor Penalty to Steven Goertzen for High sticking.
12:28 of 3rd period - Brad Winchester wins face-off versus David Krejci in Machettes zone.
12:41 of 3rd period - Slapshot by Martin Samuelsson.
12:41 of 3rd period - Stopped by Mathieu Garon without a rebound.
12:42 of 3rd period - David Krejci wins face-off versus Brad Winchester in Machettes zone.
14:27 of 3rd period - Penalty to Steven Goertzen is over, Steven Goertzen is back on ice.
14:37 of 3rd period - Slapshot by Steven Goertzen.
14:37 of 3rd period - Stopped by Marc Denis without a rebound.
14:38 of 3rd period - Cory Emmerton wins face-off versus Marc-Antoine Pouliot in Spitfire zone.
14:41 of 3rd period - Snap shot by Steven Goertzen.
14:41 of 3rd period - Shot Misses the Net.
14:43 of 3rd period - Snap shot by Cory Emmerton.
14:43 of 3rd period - Goal by Cory Emmerton - Machettes : 3 - Spitfire : 3.
14:44 of 3rd period - Brad Winchester wins face-off versus David Krejci in neutral zone.
14:46 of 3rd period - Off-side.
14:47 of 3rd period - David Krejci wins face-off versus John Mitchell in neutral zone.
15:03 of 3rd period - Slapshot by Kevin Klein.
15:03 of 3rd period - Stopped by Mathieu Garon with a rebound.
15:16 of 3rd period - Off-side.
15:17 of 3rd period - Stephane Da Costa wins face-off versus Marc-Antoine Pouliot in neutral zone.
15:20 of 3rd period - Marc-Antoine Pouliot is hit by James Wisniewski and loses puck.
15:26 of 3rd period - Minor Penalty to Ryan Callahan for Cross-checking.
15:27 of 3rd period - Shean Donovan wins face-off versus John Mitchell in Spitfire zone.
15:43 of 3rd period - Icing by Mike Lundin.
15:44 of 3rd period - Shean Donovan wins face-off versus John Mitchell in Machettes zone.
16:17 of 3rd period - Wrist shot by Brad Winchester.
16:17 of 3rd period - Shot Blocked by Matt Walker.
16:19 of 3rd period - Slapshot by Brad Winchester.
16:19 of 3rd period - Stopped by Marc Denis with a rebound.
16:25 of 3rd period - Wrist shot by Stefan Ruzicka.
16:25 of 3rd period - Shot Misses the Net.
16:27 of 3rd period - Snap shot by Brad Winchester.
16:27 of 3rd period - Shot Misses the Net.
16:29 of 3rd period - Slapshot by Tom Gilbert.
16:29 of 3rd period - Shot Misses the Net.
16:31 of 3rd period - Snap shot by Brad Winchester.
16:31 of 3rd period - Stopped by Marc Denis without a rebound.
16:32 of 3rd period - Cory Emmerton wins face-off versus Shean Donovan in Spitfire zone.
16:40 of 3rd period - Minor Penalty to Mathieu Roy for Hooking.
16:41 of 3rd period - Shean Donovan wins face-off versus Cory Emmerton in Spitfire zone.
16:48 of 3rd period - Slapshot by Mike Lundin.
16:48 of 3rd period - Stopped by Marc Denis without a rebound.
16:49 of 3rd period - Cory Emmerton wins face-off versus Shean Donovan in Spitfire zone.
16:52 of 3rd period - Slapshot by Tom Gilbert.
16:52 of 3rd period - Stopped by Marc Denis with a rebound.
17:02 of 3rd period - Slapshot by Kevin Klein.
17:02 of 3rd period - Shot Misses the Net.
17:04 of 3rd period - Wrist shot by Shean Donovan.
17:04 of 3rd period - Stopped by Mathieu Garon without a rebound.
17:05 of 3rd period - Shean Donovan wins face-off versus John Mitchell in Machettes zone.
17:26 of 3rd period - Penalty to Ryan Callahan is over, Ryan Callahan is back on ice.
17:38 of 3rd period - Snap shot by Mike Lundin.
17:38 of 3rd period - Stopped by Marc Denis without a rebound.
17:39 of 3rd period - Shean Donovan wins face-off versus Cory Emmerton in Spitfire zone.
17:39 of 3rd period - Shean Donovan is hit by James Wisniewski.
18:40 of 3rd period - Penalty to Mathieu Roy is over, Mathieu Roy is back on ice.
19:39 of 3rd period - Off-side.
19:40 of 3rd period - Paul Bissonnette wins face-off versus Dustin Jeffrey in neutral zone.
19:47 of 3rd period - Slapshot by Kevin Klein.
19:47 of 3rd period - Stopped by Mathieu Garon with a rebound.

Overtime #1


0:01 of 1st overtime period - Shean Donovan wins face-off versus Brad Winchester in neutral zone.
0:16 of 1st overtime period - Snap shot by Martin Samuelsson.
0:16 of 1st overtime period - Stopped by Mathieu Garon with a rebound.
1:12 of 1st overtime period - Slapshot by Steven Goertzen.
1:12 of 1st overtime period - Shot Misses the Net.
1:14 of 1st overtime period - Slapshot by James Wisniewski.
1:14 of 1st overtime period - Deflect By Steven Goertzen.
1:14 of 1st overtime period - Stopped by Marc Denis with a rebound.
2:06 of 1st overtime period - Matt Keith is hit by Ryan Callahan and loses puck.
2:44 of 1st overtime period - Icing by Keaton Ellerby.
2:45 of 1st overtime period - Brad Winchester wins face-off versus Shean Donovan in Spitfire zone.
3:18 of 1st overtime period - Ryan Callahan is hit by Steven Goertzen and loses puck.
3:27 of 1st overtime period - Wrist shot by Ryan Callahan.
3:27 of 1st overtime period - Shot Blocked by Matt Keith.
3:29 of 1st overtime period - Slapshot by Mathieu Roy.
3:29 of 1st overtime period - Deflect By Mike Lundin.
3:29 of 1st overtime period - Stopped by Mathieu Garon without a rebound.
3:30 of 1st overtime period - Stefan Ruzicka wins face-off versus Shean Donovan in Machettes zone.
3:35 of 1st overtime period - Martin Samuelsson is hit by Brad Winchester and loses puck.
4:02 of 1st overtime period - Ryan Callahan is hit by Mike Lundin and loses puck.
4:17 of 1st overtime period - Snap shot by Ryan Callahan.
4:17 of 1st overtime period - Shot Blocked by Mike Lundin.
4:19 of 1st overtime period - Snap shot by Ryan Callahan.
4:19 of 1st overtime period - Shot Misses the Net.
4:35 of 1st overtime period - Snap shot by Ryan Callahan.
4:35 of 1st overtime period - Shot Misses the Net.
4:37 of 1st overtime period - Slapshot by Mathieu Roy.
4:37 of 1st overtime period - Stopped by Mathieu Garon without a rebound.
4:38 of 1st overtime period - Brad Winchester wins face-off versus Shean Donovan in Machettes zone.

ShootOut


5:00 of 1st overtime period - Penalty Shot by Brad Winchester for Machettes.
5:00 of 1st overtime period - Wrist shot by Brad Winchester.
5:00 of 1st overtime period - Goal by Brad Winchester.
5:00 of 1st overtime period - Penalty Shot by Shean Donovan for Spitfire.
5:00 of 1st overtime period - Deke by Shean Donovan.
5:00 of 1st overtime period - Stopped by Mathieu Garon.
5:00 of 1st overtime period - Penalty Shot by Stefan Ruzicka for Machettes.
5:00 of 1st overtime period - Snap shot by Stefan Ruzicka.
5:00 of 1st overtime period - Goal by Stefan Ruzicka.
5:00 of 1st overtime period - Penalty Shot by Martin Samuelsson for Spitfire.
5:00 of 1st overtime period - Deke by Martin Samuelsson.
5:00 of 1st overtime period - Goal by Martin Samuelsson.
5:00 of 1st overtime period - Penalty Shot by Steven Goertzen for Machettes.
5:00 of 1st overtime period - Snap shot by Steven Goertzen.
5:00 of 1st overtime period - Stopped by Marc Denis.
5:00 of 1st overtime period - Penalty Shot by Denis Shvidki for Spitfire.
5:00 of 1st overtime period - Backhand shot by Denis Shvidki.
5:00 of 1st overtime period - Goal by Denis Shvidki.
5:00 of 1st overtime period - Penalty Shot by Matt Keith for Machettes.
5:00 of 1st overtime period - Backhand shot by Matt Keith.
5:00 of 1st overtime period - Shot Misses the Net.
5:00 of 1st overtime period - Penalty Shot by Ryan Callahan for Spitfire.
5:00 of 1st overtime period - Wrist shot by Ryan Callahan.
5:00 of 1st overtime period - Shot Misses the Net.
5:00 of 1st overtime period - Penalty Shot by John Mitchell for Machettes.
5:00 of 1st overtime period - Wrist shot by John Mitchell.
5:00 of 1st overtime period - Shot Misses the Net.
5:00 of 1st overtime period - Penalty Shot by David Krejci for Spitfire.
5:00 of 1st overtime period - Deke by David Krejci.
5:00 of 1st overtime period - Goal by David Krejci.


Output by the SimonT Hockey Simulator (STHS) for François Prévost -- Original Page W3C XHTML 1.0 Valid
Hockey Simulator - Hockey Simulation - Hockey Manager